 Dungeon Crawl Stone Soup version 0.29-a0-878-g7b45a56547 (webtiles) character file.

Game seed: 15092243727207449443

13815 buhh the Marksmeteoran (level 12, -1/99 HPs)
             Began as a Meteoran Hunter on July 19, 2022.
             Was an Elder of Hepliaklqana.
             Killed from afar by an oklob plant (30 damage)
             ... with a splash of acid
             ... on level 2 of the Orcish Mines.
             The game lasted 00:22:38 (6334 turns).

buhh the Marksmeteoran (Meteoran Hunter)            Turns: 6334, Time: 00:22:39

Health: -1/99      AC: 11    Str: 12    XL:     12   Next: 70%
Magic:  19/19      EV: 15    Int: 15    God:    Hepliaklqana [****..]
Gold:   446        SH:  5    Dex: 24    Spells: 11/11 levels left

rFire   . . .      SeeInvis .   G - +1 shortbow
rCold   . . .      Faith    .   (shield currently unavailable)
rNeg    . . .      Spirit   .   B - +1 leather armour of Xuahozei {Fly Will++ Int-2 Stlth-}
rPois   +          Reflect  +   z - +1 helmet
rElec   .          Harm     .   (no cloak)
rCorr   .          Rampage  .   J - +0 pair of gloves
Will    +++..                   j - +2 pair of boots
Stlth   +.........              h - amulet of reflection
HPRegen 0.26/turn               r - +6 ring of intelligence
MPRegen 0.16/turn               v - ring of poison resistance

@: flying, glowing
A: reduced essence, sense surroundings 2, otherworldly, glowing, explore regen
a: Renounce Religion, Recall Ancestor, Ancestor Identity, Transference, Idealise


You were on level 2 of the Orcish Mines.
You worshipped Hepliaklqana.
Hepliaklqana was greatly pleased with you.
You visited 4 branches of the dungeon, and saw 16 of its levels.
You also visited: Bailey and Gauntlet.

You collected 836 gold pieces.
You spent 390 gold pieces at shops.

Inventory:

Hand Weapons
 F - the +7 dagger of Mourning {protect, Fragile rPois rN+++ Str-2}
   (You took it off a spriggan in a bailey)

   It grants its wielder temporary protection when it strikes (+7 to AC).
   Str:       It affects your strength (-2).
   rPois:     It protects you from poison.
   rN:        It renders you almost immune to negative energy.
   Fragile:   It will be destroyed if unequipped.
 G - a +1 shortbow (weapon)
Missiles
 H - 11 poisoned darts
Armour
 a - a +0 hat
 j - a +2 pair of boots (worn)
 z - a +1 helmet (worn)
 A - +0 steam dragon scales
 B - the +1 leather armour of Xuahozei (worn) {Fly Will++ Int-2 Stlth-}
   (You found it on level 8 of the Dungeon)

   Int:       It affects your intelligence (-2).
   Fly:       It grants you flight.
   Will:      It greatly increases your willpower.
   Stlth:     It makes you less stealthy.
 I - a +0 leather armour
 J - a +0 pair of gloves (worn)
Magical Staves
 i - a staff of earth
 s - a staff of cold
Jewellery
 h - an amulet of reflection (around neck)
 r - a +6 ring of intelligence (left hand)
 v - a ring of poison resistance (right hand)
Wands
 u - a wand of polymorph (17)
 C - a wand of iceblast (1)
 D - a wand of paralysis (5)
 E - a wand of flame (12)
Scrolls
 b - a scroll of blinking {!d}
 c - 2 scrolls of teleportation {!d!d}
 d - 5 scrolls of magic mapping {!d}
 f - 2 scrolls of fog
 g - 4 scrolls of amnesia
 k - 3 scrolls of torment
 l - 3 scrolls of immolation {!r}
Potions
 m - 3 potions of might
 n - 3 potions of cancellation {unknown}
 o - 3 potions of curing {unknown}
 p - a potion of brilliance {unknown}
 q - 2 potions of mutation {!q!d}
 t - 5 potions of attraction {unknown}
 w - a potion of heal wounds {!d}
 x - 3 potions of invisibility {unknown}
 y - 3 potions of haste {!q}
 Z - 3 potions of flight
Miscellaneous
 K - a box of beasts


   Skills:
 - Level 11.0 Fighting
 - Level 16.0 Ranged Weapons
 * Level 4.2 Armour
 * Level 5.1 Dodging
 - Level 0.6 Stealth
 * Level 8.3 Invocations


You had 11 spell levels left.
You didn't know any spells.
Your spell library contained the following spells:

 Spells                   Type           Power      Damage    Failure   Level
 Magic Dart               Conj           0%         1d3       34%         1
 Necrotise                Necr           0%         1d4       34%         1
 Call Imp                 Summ           0%         N/A       45%         2
 Searing Ray              Conj           0%         2d4       45%         2
 Confusing Touch          Hex            0%         N/A       71%         3
 Mephitic Cloud           Conj/Pois/Air  0%         N/A       71%         3
 Vampiric Draining        Necr           0%         2d6       71%         3
 Fulminant Prism          Conj/Hex       0%         3d6       98%         4
 Agony                    Necr           0%         N/A       100%        5
 Yara's Violent Unravell  Hex/Tmut       0%         3d3       100%        5
 Enfeeble                 Hex            0%         N/A       100%        7


Dungeon Overview and Level Annotations

Branches:
Dungeon (11/15) Zot: 1109  Temple (1/1) D:4 Zot: 541    Lair (2/5) D:10 Zot: 933
    Orc (2/2) D:10 Zot: 922     Elf (0/3) Orc:2        Bailey (visited)
Gauntlet (visited)
  Swamp: Lair:2-3    Shoals: Lair:2-3     Snake: Lair:2-3    Spider: Lair:2-3

Altars:
Ashenzari
Cheibriados
Dithmenos
Elyvilon
Fedhas
Gozag
Hepliaklqana
Kikubaaqudgha
Makhleb
Nemelex Xobeh
Okawaru
Qazlal
Ru
Sif Muna
Trog
Uskayaw
Vehumet
Wu Jian
Xom
Yredelemnul
Zin
The Shining One

Shops:
D:1 [   D:2 *   D:9 [=   Orc:2 :

Annotations:
D:11 3 runed translucent doors
Orc:2 exclusion: oklob plant


Innate Abilities, Weirdness & Mutations

Your life essence is reduced to manifest your ancestor. (-10% HP)
You passively map the area around you.
You are easily found by Zot.
You glow in the dark.
You regain HP and MP as you explore.


Message History

The splash of acid hits you.
Fire: G) +1 shortbow
Press: ? - help, Q - select action, (/) - cycle Shift-Dir - straight line, f/p - oklob plant
Aim: an oklob plant (heavily damaged, 98% to hit)
You shoot an arrow. The arrow hits the oklob plant!
The oklob plant is heavily damaged.
Fire: G) +1 shortbow
Press: ? - help, Q - select action, (/) - cycle Shift-Dir - straight line, f/p - oklob plant
Aim: an oklob plant (heavily damaged, 98% to hit)
You shoot an arrow. The arrow hits the oklob plant!
The oklob plant is almost destroyed.
Fire: G) +1 shortbow
Press: ? - help, Q - select action, (/) - cycle Shift-Dir - straight line, f/p - oklob plant
Aim: an oklob plant (almost destroyed, 98% to hit)
You shoot an arrow.
The arrow hits the oklob plant but does no damage.
The oklob plant is almost destroyed.
The oklob plant spits acid at you. The splash of acid hits you!
* * * LOW HITPOINT WARNING * * *
Fire: G) +1 shortbow
Press: ? - help, Q - select action, (/) - cycle Shift-Dir - straight line, f/p - oklob plant
Aim: an oklob plant (severely damaged, 98% to hit)
You shoot an arrow.
The arrow completely misses the oklob plant.
Fire: G) +1 shortbow
Press: ? - help, Q - select action, (/) - cycle Shift-Dir - straight line, f/p - oklob plant
Aim: an oklob plant (severely damaged, 98% to hit)
You shoot an arrow.
The arrow hits the oklob plant but does no damage.
The oklob plant is severely damaged.
Fire: G) +1 shortbow
Press: ? - help, Q - select action, (/) - cycle Shift-Dir - straight line, f/p - oklob plant
Aim: an oklob plant (severely damaged, 98% to hit)
You shoot an arrow.
The arrow hits the oklob plant but does no damage.
The oklob plant is severely damaged.
The oklob plant spits acid at you. The splash of acid hits you!!
You die...

..... ,
,, , ,
, ,
#.#.#*,
, ,
....# ,
, , , ,
,, ,
.....*
, , ,
**
....#*
* * , ,
> ....#
* , , ,
,,
...#,
######*
,*,,
..#.. *
#P...##
* ...#
* #@.#*
* .....
,, ,
*##'##
, .....
,, +,
#...#
,,
.....
**
#...#,
.....,
,
#####*
**
.....
,* * *
* , , ,
, * ,*
, , * *


You could see an oklob plant.

Vanquished Creatures
  A two-headed ogre (Bailey)
  Erica (D:8)
  An orc sorcerer (Orc:2)
  A cane toad (Lair:1)
  A kobold demonologist (D:10)
  A troll (D:7)
  3 blink frogs (Lair:1)
  A shadow (D:10)
  A centaur simulacrum (D:9)
  3 spriggans (Bailey)
  A wraith (D:10)
  11 yaks
  3 steam dragons
  2 water moccasins
  2 ice beasts (D:5)
  10 orc warriors
  2 black bears
  3 ogres
  A centaur (D:9)
  A phantom (D:5)
  5 bullfrogs
  A kobold brigand (D:10)
  A gnoll sergeant (D:11)
  4 scorpions
  A necrophage (D:8)
  6 wights (D:8)
  9 killer bees
  A howler monkey (D:11)
  2 hounds (D:5)
  2 jellies
  9 orc priests
  11 orc wizards
  2 iguanas
  3 gnolls (D:11)
  8 adders
  3 white imps
  An ufetubus (D:6)
  A worm (D:2)
  A dart slug (D:4)
  41 orcs
  2 ball pythons
  5 bats
  7 endoplasms
  4 giant cockroaches
  8 goblins
  10 hobgoblins
  9 kobolds
  6 quokkas
  4 frilled lizards
  2 rats (D:1)
  A butterfly (D:4)
220 creatures vanquished.

Vanquished Creatures (collateral kills)
  Urug (Orc:1)
  A kobold demonologist (D:10)
  A polar bear (Lair:1)
  A hornet (D:10)
  A blink frog (Lair:1)
  A wraith (D:8)
  A shadow (D:11)
  A spriggan (Bailey)
  A vampire (D:10)
  4 yaks
  A water moccasin (Lair:1)
  An orc warrior (D:9)
  3 sky beasts
  An ogre (Bailey)
  A centaur (D:10)
  3 bullfrogs
  4 wights (D:8)
  A jelly (D:7)
  8 orc wizards
  14 orcs
  A hobgoblin (D:10)
  4 kobolds (D:10)
55 creatures vanquished.

Vanquished Creatures (others)
  A knight (Orc:2)
  2 ancestors
  12 fungi (D:10)
  9 plants
24 creatures vanquished.

Grand Total: 299 creatures vanquished

Notes
Turn   | Place    | Note
-------+----------+-------------------------------------------
     0 | D:1      | buhh the Meteoran Hunter began the quest for the Orb.
     0 | D:1      | Reached XP level 1. HP: 17/17 MP: 2/2
   117 | D:1      | Reached XP level 2. HP: 24/24 MP: 3/3
   207 | D:1      | Reached skill level 5 in Ranged Weapons
   438 | D:1      | Found Retedeti's Antique Armour Boutique.
   489 | D:1      | Glimpsed the power of Zot.
   539 | D:1      | Glimpsed the power of Zot.
   558 | D:2      | Identified the +10 falchion of Generosity {vamp, rC+ Str-2
                  | Int+4}
   573 | D:2      | Reached XP level 3. HP: 26/29 MP: 4/4
   663 | D:2      | Found a faded altar of an unknown god.
   663 | D:2      | Noticed an eye of devastation
   675 | D:2      | Noticed a golden eye
   718 | D:2      | Reached XP level 4. HP: 29/36 MP: 5/5
   787 | D:2      | Found Fepnok's General Store.
   791 | D:2      | Bought a scroll of teleportation for 30 gold pieces
   825 | D:2      | Reached skill level 6 in Ranged Weapons
   842 | D:2      | Found a glowing golden altar of the Shining One.
   930 | D:2      | Noticed an eye of devastation
   930 | D:2      | Noticed a great orb of eyes
  1447 | D:4      | Reached XP level 5. HP: 41/41 MP: 6/6
  1508 | D:4      | Reached skill level 7 in Ranged Weapons
  1508 | D:4      | Reached XP level 6. HP: 39/48 MP: 7/7
  1551 | D:4      | Found a staircase to the Ecumenical Temple.
  1556 | D:4      | Noticed an ogre
  1692 | D:4      | Killed an ogre
  1693 | D:4      | Reached skill level 8 in Ranged Weapons
  1720 | D:4      | Reached XP level 7. HP: 42/55 MP: 8/8
  1740 | Temple   | Entered the Ecumenical Temple
  1784 | Temple   | Became a worshipper of Hepliaklqana the Forgotten
  2161 | D:5      | Entered Level 5 of the Dungeon
  2176 | D:4      | Found a hide-covered altar of Uskayaw.
  2335 | D:5      | Reached skill level 9 in Ranged Weapons
  2484 | D:5      | Reached XP level 8. HP: 58/61 MP: 9/9
  2614 | D:5      | Reached skill level 10 in Ranged Weapons
  2905 | D:5      | Glimpsed the power of Zot.
  2981 | D:6      | Reached * piety under Hepliaklqana
  3223 | D:6      | Reached skill level 11 in Ranged Weapons
  3485 | D:7      | Reached skill level 12 in Ranged Weapons
  3485 | D:7      | Gained mutation: You passively map the area around you.
                  | [Meteoran growth]
  3485 | D:7      | Reached XP level 9. HP: 60/60 MP: 10/10
  3620 | D:7      | Noticed a troll
  3695 | D:7      | Reached skill level 13 in Ranged Weapons
  3728 | D:7      | Killed a troll
  3904 | D:8      | Reached ** piety under Hepliaklqana
  3905 | D:8      | Remembered your ancestor shaftsbaddesign as a knight
  3918 | D:7      | Reached skill level 14 in Ranged Weapons
  3918 | D:7      | Reached XP level 10. HP: 63/65 MP: 11/11
  4246 | D:8      | Reached skill level 15 in Ranged Weapons
  4261 | D:8      | Noticed Erica
  4269 | D:8      | Killed Erica
  4336 | D:8      | Identified the +1 leather armour of Xuahozei {Fly Will++
                  | Int-2 Stlth-}
  4390 | D:8      | Reached skill level 16 in Ranged Weapons
  4419 | D:8      | Reached *** piety under Hepliaklqana
  4425 | D:9      | Found Xiudeg's Armour Shoppe.
  4505 | D:9      | Reached skill level 5 in Fighting
  4505 | D:9      | Reached XP level 11. HP: 80/80 MP: 12/12
  4559 | D:9      | Found Wepimyith's Jewellery Boutique.
  4568 | D:9      | Bought an amulet of reflection for 360 gold pieces
  4666 | D:10     | Entered Level 10 of the Dungeon
  4711 | D:10     | Found a flagged portal.
  4731 | Bailey   | Entered a bailey
  4778 | Bailey   | Noticed a two-headed ogre
  4787 | Bailey   | Killed a two-headed ogre
  4815 | Bailey   | Identified the +7 dagger of Mourning {protect, Fragile
                  | rPois rN+++ Str-2}
  4930 | D:10     | Reached skill level 10 in Fighting
  5031 | D:10     | Found a staircase to the Orcish Mines.
  5091 | D:10     | Noticed a soul eater
  5116 | D:10     | Reached skill level 5 in Invocations
  5116 | D:10     | Reached XP level 12. HP: 91/96 MP: 16/16
  5377 | D:11     | Found a runed translucent gate.
  5377 | D:11     | Found a runed translucent gate.
  5377 | D:11     | Found a runed translucent gate.
  5378 | D:11     | Noticed a deep troll
  5380 | D:11     | a deep troll changed into a dream sheep
  5582 | D:10     | Reached **** piety under Hepliaklqana
  5676 | D:10     | Found a staircase to the Lair.
  5692 | Lair:1   | Entered Level 1 of the Lair of Beasts
  5719 | Lair:1   | Reached skill level 1 in Armour
  5894 | Lair:2   | Found a gate leading to a gauntlet.
  5910 | Gauntlet | Entered a Gauntlet
  5910 | Gauntlet | Found a transporter.
  5915 | Gauntlet | Noticed a tengu warrior
  5922 | Gauntlet | Found a transporter.
  5925 | Gauntlet | Found a transporter.
  5926 | Gauntlet | Found a transporter.
  5934 | Gauntlet | Found a transporter.
  5937 | Gauntlet | Found a transporter.
  5938 | Gauntlet | Found a transporter.
  5942 | Gauntlet | Noticed a death drake
  5948 | Gauntlet | Found a transporter.
  5953 | Gauntlet | Found a transporter.
  5954 | Gauntlet | Found a transporter.
  6052 | Orc:1    | Entered Level 1 of the Orcish Mines
  6067 | Orc:2    | Entered Level 2 of the Orcish Mines
  6067 | Orc:2    | Noticed an orc knight
  6110 | Orc:1    | Noticed Urug
  6125 | Orc:1    | Killed Urug
  6298 | Orc:2    | Found Diero's Book Emporium.
  6298 | Orc:2    | Noticed an orc knight
  6298 | Orc:2    | Noticed an orc knight
  6298 | Orc:2    | Noticed an orc warlord
  6298 | Orc:2    | Noticed an orc high priest
  6315 | Orc:2    | Reached skill level 5 in Dodging
  6334 | Orc:2    | Killed from afar by an oklob plant

Illustrated notes

Levels and vault maps discovered:
D:1:      beargit_arrival_diablo_church, layout_basic, serial_shops,
          nicolae_square_shop
D:2:      layout_basic, serial_rivers, chequers_serial_rivers_micro_e,
          chequers_serial_rivers_small_a, chequers_serial_rivers_micro_e,
          chequers_serial_rivers_marsh, chequers_serial_rivers_small_3,
          chequers_serial_rivers_micro_c,
          hellmonk_ecumenical_altar_watching_god, basic_altar, serial_shops,
          nicolae_shop_behind_doors
D:3:      layout_basic
D:4:      cheibrodos_greedy_goblins, layout_loops_ring,
          nicolae_uskayaw_suspiria, minmay_temple_entry_butterflies
D:5:      layout_basic, minmay_small_thing
D:6:      layout_basic
D:7:      layout_rooms, serial_curves, eino_curves_04, eino_curves_03
D:8:      layout_layer_cave, uniq_erica
D:9:      layout_cave_pools, serial_shops, nicolae_shop_stone,
          nicolae_shop_advertising_works [nicolae_subvault_shop_adworks]
D:10:     layout_stronghold, grunt_lair_entry_orc_guard_hut, erik_orc_4,
          enter_bailey_4, serial_column_ruins, column_ruins_open_small,
          column_ruins_open_small_water, column_ruins_grid_3,
          column_ruins_columns_straight, column_ruins_grid_3,
          column_ruins_open_small
D:11:     layout_long_grid, ploomutoo_gammafunk_ghost_potion_laboratory,
          nicolae_trove_entry_diagonal
Temple:   nicolae_temple_the_god_donut
Lair:1:   layout_loops_ring, gammafunk_ghost_grave, wad_woods_river_04,
          st_stairs_9, chequers_serial_rivers_room_a, grunt_megastairs_5
Lair:2:   layout_cave_shapes, gauntlet_entry_generic
Orc:1:    layout_diamond_mine, uniq_urug
Orc:2:    grunt_orc_cross, layout_caves, nicolae_orc_rockfall, mines3_lemuel

Skill      XL: |  1  2  3  4  5  6  7  8  9 10 11 12 |
---------------+-------------------------------------+-----
Ranged Weapons | 5 6 7 8 9 12 14 16 | 16.0
Fighting       | 5 10 11 | 11.0
Invocations    | 5 8 |  8.3
Armour         | 4 |  4.2
Dodging        | 5 |  5.1
Stealth        | |  0.6

Action                   |  1- 3 |  4- 6 |  7- 9 | 10-12 || total
-------------------------+-------+-------+-------+-------++-------
Melee: Shortbow          |       |       |       |     1 ||     1
 Fire: Shortbow          |    73 |   116 |   193 |   382 ||   764
Invok: Recall Ancestor   |       |       |     6 |    10 ||    16
       Ancestor Identity |       |       |     1 |       ||     1
       Ancestor Life: Kn |       |       |     1 |       ||     1
       Transference      |       |       |       |     1 ||     1
       Idealise          |       |       |       |     3 ||     3
Evoke: Wand              |       |       |     3 |    14 ||    17
  Use: Scroll            |       |     3 |    10 |    13 ||    26
       Potion            |       |       |       |     2 ||     2
Armor: Leather armour    |    15 |    19 |    27 |    31 ||    92
Dodge: Dodged            |    26 |    40 |    30 |    62 ||   158
Block: Other             |       |       |       |    17 ||    17

Table legend: (Time is in decaauts)
 A = Elapsed time spent in this place.
 B = Non-inter-level travel time spent in this place.
 C = Inter-level travel time spent in this place.
 D = Time resting spent in this place.
 E = Time spent auto-exploring this place.
 F = Levels seen in this place.
 G = Mean time per level.
                   A        B        C        D        E       F      G
               +--------+--------+--------+--------+--------+-----+--------+
         Total |   6293 |   5962 |    331 |     64 |   2748 |  18 |  349.6 |
       Dungeon |   5490 |   5203 |    287 |     64 |   2709 |  11 |  499.1 |
        Temple |     58 |     44 |     14 |      0 |      0 |   1 |   58.0 |
          Lair |    266 |    237 |     29 |      0 |      0 |   2 |  133.0 |
  Orcish Mines |    276 |    276 |      0 |      0 |      6 |   2 |  138.0 |
        Bailey |    154 |    154 |      0 |      0 |      0 |   1 |  154.0 |
      Gauntlet |     46 |     46 |      0 |      0 |     33 |   1 |   46.0 |
               +--------+--------+--------+--------+--------+-----+--------+

Top non-repeatable levels by time:
     D:4: 880 daAuts
    D:10: 714 daAuts
     D:6: 651 daAuts
     D:5: 579 daAuts
     D:1: 562 daAuts
     D:2: 493 daAuts
     D:8: 477 daAuts
     D:3: 422 daAuts
     D:7: 391 daAuts
   Orc:1: 238 daAuts
     D:9: 231 daAuts
  Lair:1: 163 daAuts
  Bailey: 154 daAuts
  Lair:2: 102 daAuts
    D:11: 87 daAuts
